 Dungeon Crawl Stone Soup version 0.21-a0-125-gb006224 (webtiles) character file.

44 namelastname112 the Conjurer (level 3, 0/26 HPs)
             Began as a Draconian Conjurer on July 15, 2017.
             Slain by a black bear (6 damage)
             ... on level 3 of the Dungeon.
             The game lasted 00:03:12 (1228 turns).

namelastname112 the Conjurer (Draconian Conjurer)   Turns: 1228, Time: 00:03:12

Health: 0/26       AC:  5    Str: 10    XL:     3   Next: 39%
Magic:  0/7        EV: 12    Int: 16    God:
Gold:   75         SH:  0    Dex: 11    Spells: 4/7 levels left

rFire    . . .     SeeInvis .   p - +0 dagger (protect)
rCold    . . .     Gourm    .   (no shield)
rNeg     . . .     Faith    .   (armour unavailable)
rPois    +         Spirit   .   (helmet restricted)
rElec    .         Reflect  .   (no cloak)
rCorr    .         Harm     .   (no gloves)
MR       .....                  (no boots)
Stlth    ++........             (no amulet)
HPRegen  0.08/turn              g - ring of poison resistance
MPRegen  0.10/turn              (no ring)

@: no status effects
A: unfitting armour, cold-blooded, AC +5
a: no special abilities


You were on level 3 of the Dungeon.
You were hungry.

You visited 1 branch of the dungeon, and saw 3 of its levels.

You collected 75 gold pieces.

Inventory:

Hand Weapons
 p - a +0 dagger of protection (weapon)
Jewellery
 g - a ring of poison resistance (left hand)
Scrolls
 d - a scroll of remove curse {unknown}
 e - a scroll of fog {unknown}
 f - a scroll of immolation {unknown}
 h - a scroll of teleportation {unknown}
 i - a scroll of identify {unknown}
 m - a scroll of noise {unknown}
Potions
 j - 2 potions of haste {unknown}
 k - a potion of curing {unknown}
 l - a potion of mutation {unknown}
 o - a potion of ambrosia {unknown}
Books
 a - a book of Conjurations

   Spells                             Type                      Level
   a - Magic Dart                     Conjuration                  1
   b - Searing Ray                    Conjuration                  2
   c - Dazzling Spray                 Conjuration/Hexes            3
   d - Fulminant Prism                Conjuration/Hexes            4
   e - Force Lance                    Conjuration/Translocation    4
   f - Iskenderun's Mystic Blast      Conjuration                  4
Comestibles
 b - 2 bread rations
 c - a meat ration
 n - 2 royal jellies
 q - a fruit


   Skills:
 - Level 1.7 Dodging
 - Level 1.7 Stealth
 + Level 2.9 Spellcasting
 + Level 4.6 Conjurations


You had 4 spell levels left.
You knew the following spells:

 Your Spells              Type           Power        Failure   Level  Hunger
x - Searing Ray           Conj           ###...       4%          2    ##.....
z - Magic Dart            Conj           ###.         2%          1    #......


Dungeon Overview and Level Annotations

Branches:
Dungeon (3/15)

Altars:


Innate Abilities, Weirdness & Mutations

Your plain brown scales are hard. (AC +5)
You cannot fit into any form of body armour.
You are cold-blooded and may be slowed by cold attacks.


Message History

Press: ? - help, Shift-Dir - straight line, f/p - black bear
Aim: a black bear (severely wounded)
The searing ray hits the black bear.
The black bear is severely wounded. (Press . to maintain the ray.)
You now have 3/7 mp.
The searing ray hits the black bear.
The black bear is severely wounded.
The black bear barely misses you. The black bear closely misses you.
The black bear claws you but does no damage.
You now have 2/7 mp.
The searing ray hits the black bear.
The black bear is almost dead.
The black bear bites you. The black bear claws you.
* * * LOW HITPOINT WARNING * * *
The black bear claws you but does no damage.
You take 5 damage, and have 6/26 hp.
You now have 1/7 mp.
The searing ray misses the black bear.
You finish channeling your searing ray.
The black bear bites you.
You die...

#.# #.#......#
#######.#####.......#
#.............####.##
#<####...####.# #.#
#..........##.####.#
#.##..###...#.........#
#........h#####.######
#.#######.######.# #S
#..@h....# # ##########


You could see a black bear.

Vanquished Creatures
  An adder (D:2)
  A worm (D:2)
  A giant cockroach (D:1)
  6 goblins
  A hobgoblin (D:2)
  9 bats
  4 frilled lizards
  6 kobolds
  5 rats
34 creatures vanquished.

Notes
Turn   | Place    | Note
-------+----------+-------------------------------------------
     0 | D:1      | namelastname112 the Draconian Conjurer began the quest for the Orb.
     0 | D:1      | Reached XP level 1. HP: 14/14 MP: 3/3
   219 | D:1      | Reached XP level 2. HP: 19/20 MP: 0/5
   238 | D:1      | Learned a level 2 spell: Searing Ray
   890 | D:2      | Reached XP level 3. HP: 25/26 MP: 0/7
  1162 | D:3      | Noticed a black bear
  1228 | D:3      | Slain by a black bear

Vault maps used:
D:1:      lightli_arrival_windingriver

Action                   || total
-------------------------++-------
Melee: Unarmed           ||    17
       Dagger            ||     5
 Cast: Magic Dart        ||    58
       Searing Ray       ||     3
 Stab: Sleeping          ||     1
  Eat: Chunk             ||     1
Armor: Skin              ||    27
Dodge: Dodged            ||    28
